 Dungeon Crawl Stone Soup version 0.31-a0-369-g8eba5f6939 (webtiles) character file.

Game seed: 253855089317542455

16676 OutcastIllithid the Destroyer (level 12, -15/66 HPs)
             Began as an Octopode Conjurer on July 28, 2023.
             Was a Believer of Lugonu.
             Demolished by Urug
             ... wielding a +4 demon trident of flaming
              (32 damage)
             ... on level 12 of the Dungeon.
             The game lasted 01:14:48 (16150 turns).

OutcastIllithid the Destroyer (Octopode Conjurer)  Turns: 16150, Time: 01:14:49

Health: -15/66     AC:  5    Str:  6    XL:     12   Next: 40%
Magic:  16/32      EV: 18    Int: 24    God:    Lugonu [**....]
Gold:   554        SH:  0    Dex: 12    Spells: 1/26 levels left

rFire   . . .        s - +5 dagger of True Grit {heavy, rC+ Will++ rCorr}
rCold   + + .        p - orb {guile}
rNeg    . . .        (helmet restricted)
rPois   +            (no amulet)
rElec   .            C - ring of protection from cold
rCorr   +            O - +4 ring of protection
SInv    .            P - ring of poison resistance
Will    .....        W - ring of magical power
Stlth   +++          E - +5 ring of evasion
HPRegen 0.31/turn    (no ring)
MPRegen 0.23/turn    (no ring)
                     (no ring)

%: no passive effects
@: lethally poisoned (-15 -> -56), studying 2 skills
A: almost no armour, amphibious, 8 rings, camouflage 1, gelatinous body 1,
(nimble swimmer 1), tentacles
a: Renounce Religion, Depart the Abyss, Banish


You were on level 12 of the Dungeon.
You worshipped Lugonu.
Lugonu was pleased with you.
You visited 2 branches of the dungeon, and saw 13 of its levels.
You also visited: Bailey.

You collected 918 gold pieces.
You spent 364 gold pieces at shops.


Innate Abilities, Weirdness & Mutations

You cannot wear most types of armour.
You are amphibious.
You can wear up to eight rings at the same time.
Your skin changes colour to match your surroundings (Stealth+).
Your rubbery body absorbs attacks. (AC +1, EV +1)
((You are camouflaged when in or above water. (Stealth+)))
You have tentacles for arms and can constrict up to eight enemies at once.


   Skills:
 - Level 2.0 Dodging
 - Level 2.6 Stealth
 - Level 7.5 Spellcasting
 + Level 13.5 Conjurations
 - Level 5.1 Hexes
 - Level 10.0 Summonings
 - Level 6.3 Air Magic
 - Level 4.4 Evocations


You had one spell level left.
You knew the following spells:

 Your Spells              Type           Power      Damage    Failure   Level
c - Mephitic Cloud        Conj/Pois/Air  40%        N/A       1%          3
d - Dazzling Flash        Conj/Hex       100%       N/A       1%          3
f - Fulminant Prism       Conj/Hex       26%        3d13      1%          4
g - Summon Guardian Gole  Hex/Summ       45%        N/A       1%          3
i - Iskenderun's Mystic   Conj/Tloc      41%        2d9       4%          4
m - Magic Dart            Conj           100%       1d8       1%          1
s - Searing Ray           Conj           100%       2d8       1%          2
X - Arcjolt               Conj/Air       27%        1d37      3%          5

Your spell library contained the following spells:

 Spells                   Type           Power      Damage    Failure   Level
 Shock                    Conj/Air       100%       1d9       1%          1
 Summon Small Mammal      Summ           100%       N/A       1%          1
 Sting                    Tmut/Pois      36%        1d4       7%          1
 Call Imp                 Summ           100%       N/A       1%          2
 Call Canine Familiar     Summ           55%        N/A       1%          3
 Swiftness                Air            39%        N/A       1%          3
 Poisonous Vapours        Pois/Air       48%        N/A       2%          2
 Ensorcelled Hibernation  Hex/Ice        42%        N/A       3%          2
 Airstrike                Air            19%        2d(3-19)  4%          4
 Vhi's Electric Charge    Tloc/Air       48%        N/A       5%          3
 Sublimation of Blood     Necr           9%         N/A       11%         2
 Wereblood                Tmut           9%         N/A       11%         2
 Irradiate                Conj/Tmut      20%        3d18      12%         5
 Volatile Blastmotes      Fire/Tloc      18%        2d11      21%         3
 Anguish                  Hex/Necr       10%        N/A       24%         4
 Olgreb's Toxic Radiance  Pois           9%         N/A       56%         4
 Summon Hydra             Summ           27%        N/A       67%         7
 Plasma Beam              Fire/Air       12%        2x1d23    96%         6
 Malign Gateway           Summ/Tloc      16%        N/A       100%        7
 Summon Horrible Things   Summ           27%        N/A       100%        8

Inventory:

Hand Weapons
 m - a +4 quarterstaff of chaos
   (You took it off Crazy Yiuf on level 2 of the Dungeon)
 s - the +5 dagger of True Grit (weapon) {heavy, rC+ Will++ rCorr}
   (You took it off a kobold in a bailey)

   rC:        It protects you from cold.
   rCorr:     It protects you from acid and corrosion.
   Will:      It greatly increases your willpower.
 A - a +2 short sword of distortion {!w}
   (You took it off a kobold on level 5 of the Dungeon)
Armour
 p - an orb of guile (worn)
   (You found it on level 4 of the Dungeon)
Jewellery
 C - a ring of protection from cold (left tentacle)
   (You found it on level 1 of the Dungeon)
 E - a +5 ring of evasion (on tentacle)
   (You took it off a vampire on level 11 of the Dungeon)
 O - a +4 ring of protection (right tentacle)
   (You found it on level 1 of the Dungeon)
 P - a ring of poison resistance (on tentacle)
   (You found it on level 6 of the Dungeon)
 W - a ring of magical power (on tentacle)
   (You bought it in a shop on level 3 of the Dungeon)
Wands
 r - a wand of digging (8)
   (You found it on level 7 of the Dungeon)
 y - a wand of quicksilver (1)
   (You found it on level 8 of the Dungeon)
 z - a wand of mindburst (3)
   (You took it off a kobold on level 5 of the Dungeon)
 F - a wand of flame (5)
   (You found it on level 10 of the Dungeon)
Scrolls
 f - 2 scrolls of enchant weapon {unknown}
 g - 2 scrolls of poison {!r}
 j - a scroll of fear
 l - 6 scrolls of teleportation {@r4}
 n - a scroll of vulnerability {!r!r}
 o - a scroll of torment {unknown}
 x - a scroll of revelation
 B - a scroll of noise {unknown}
 D - 2 scrolls of enchant armour {unknown}
 G - 2 scrolls of blinking {unknown}
Potions
 a - a potion of magic
 b - 2 potions of mutation {!q}
 c - a potion of haste {unknown}
 d - a potion of might
 e - 3 potions of heal wounds {@q2}
 i - 2 potions of lignification {!q}
 k - a potion of degeneration {!q}
 q - 2 potions of brilliance
 t - 4 potions of enlightenment
 v - a potion of attraction {unknown}
 w - 2 potions of cancellation
Miscellaneous
 h - a piece from Xom's chessboard (15/15)
   (You found it on level 9 of the Dungeon)
 u - a phial of floods (inert)
   (You found it in a bailey)

Dungeon Overview and Level Annotations

Branches:
Dungeon (12/15) Zot: 26988  Temple (1/1) D:4 Zot: 5990    Lair (0/5) D:8
 Bailey (visited)
    Orc: D:9-12

Altars:
Ashenzari
Cheibriados
Dithmenos
Elyvilon
Fedhas
Gozag
Hepliaklqana
Kikubaaqudgha
Makhleb
Nemelex Xobeh
Okawaru
Qazlal
Ru
Sif Muna
Trog
Uskayaw
Vehumet
Wu Jian
Xom
Yredelemnul
Zin
The Shining One
Lugonu

Shops:
D:3 ?*=!

Portals:
Abyss: D:5

Annotations:
D:12 Urug

#.. #..
##... .... .
#'.#######..
#o.........
#.Ku.......
#..@.......
##########.


You could see Urug, a green ugly thing and a kobold (corona).


Message History

Confirm with . or Enter, or press ? or * to list all spells.
Aiming: Magic Dart (safe; 1% risk of failure)
Press: ? - help, Shift-Dir - straight line, f - green ugly thing
Aim: a green ugly thing (asleep, 100% to hit)
The magic dart hits the green ugly thing but does no damage. 😎 MP[-1]
You lost 1 mp, and now have 31/32 mp.
Casting: Magic Dart (safe; 1% risk of failure)
Confirm with . or Enter, or press ? or * to list all spells.
Aiming: Magic Dart (safe; 1% risk of failure)
Press: ? - help, Shift-Dir - straight line, f/p - green ugly thing
Aim: a green ugly thing (100% to hit)
The magic dart hits the green ugly thing but does no damage. 😎 MP[-1]
You lost 1 mp, and now have 30/32 mp.
Casting: Magic Dart (safe; 1% risk of failure)
Confirm with . or Enter, or press ? or * to list all spells.
Aiming: Fulminant Prism (dangerous; 1% risk of failure)
Press: ? - help, Dir - move target, p - green ugly thing You conjure a prism of explosive energy!
A fulminant prism comes into view. 😎 MP[-4]
You lost 4 mp, and now have 26/32 mp.
Your fulminant prism crackles loudly. 😎 MP[+1]
Casting: Fulminant Prism (dangerous; 1% risk of failure)
Confirm with . or Enter, or press ? or * to list all spells.
Aiming: Searing Ray (safe; 1% risk of failure)
Press: ? - help, Shift-Dir - straight line, f - green ugly thing
Aim: a green ugly thing (ally target, 83% to hit)
The searing ray misses the green ugly thing. (Press . to maintain the ray.)
The blast of energy engulfs the green ugly thing!
The blast of energy engulfs you!!
Ouch! That really hurt!
* * * LOW HITPOINT WARNING * * *
You hear a shout! x2; You hear an angry hiss.
You hear a bellow!
You hear a shout! 😨 HP[-33] MP[-2]
You take 33 damage, and now have 33/66 hp.
MASSIVE DAMAGE!! (PAUSE)
You lost 2 mp, and now have 25/32 mp.
The searing ray hits the green ugly thing. 😨 MP[-1]
You lost 1 mp, and now have 24/32 mp.
Unknown command.
Casting: Searing Ray (safe; 1% risk of failure)
Confirm with . or Enter, or press ? or * to list all spells.
Okay, then.
The searing ray hits the green ugly thing!
The green ugly thing engulfs you!
* * * LOW HITPOINT WARNING * * *
Something unseen opens the door. 😨 HP[-8] MP[-1]
You take 8 damage, and now have 25/66 hp.
You lost 1 mp, and now have 23/32 mp.
Unknown command.
Unknown command.
Casting: Searing Ray (safe; 1% risk of failure)
Confirm with . or Enter, or press ? or * to list all spells.
You erupt in a blast of force!
The mystic blast hits the green ugly thing!
The green ugly thing is knocked back by the mystic blast.
The green ugly thing slams into the rock wall!
A kobold comes into view. It is wielding a +0 whip. 😨 MP[-3]
You lost 3 mp, and now have 20/32 mp.
Unknown command.
Casting: Iskenderun's Mystic Blast (dangerous; 4% risk of failure)
Confirm with . or Enter, or press ? or * to list all spells.
Aiming: Searing Ray (safe; 1% risk of failure)
Press: ? - help, Shift-Dir - straight line, f/p - green ugly thing
Aim: a green ugly thing (severely wounded, 83% to hit)
The searing ray hits the green ugly thing. (Press . to maintain the ray.)
The green ugly thing engulfs you.
* * * LOW HITPOINT WARNING * * *
Urug the Orcish Ballista comes into view.
She is wielding a +4 demon trident of flaming. 😨 HP[-1] MP[-2]
You take 1 damage, and now have 24/66 hp.
You lost 2 mp, and now have 18/32 mp.
Unknown command.
The searing ray hits the green ugly thing!
The green ugly thing engulfs you.
* * * LOW HITPOINT WARNING * * *
😨 HP[-4] MP[-1]
You take 4 damage, and now have 20/66 hp.
You lost 1 mp, and now have 17/32 mp.
Unknown command.
Unknown command.
The searing ray hits the green ugly thing.
The kobold hits you with a +0 whip.
* * * LOW HITPOINT WARNING * * *
The green ugly thing engulfs you.
* * * LOW HITPOINT WARNING * * *
You are lethally poisoned!
The green ugly thing poisons you!
Urug suddenly grunts.
Urug hits you from afar with a +4 demon trident of flaming!!
You die...

Skill      XL: |  1  2  3  4  5  6  7  8  9 10 11 12 |
---------------+-------------------------------------+-----
Conjurations   | 5 6 7 8 10 13 | 13.5
Spellcasting   | 4 5 6 7 |  7.5
Evocations     | 4 |  4.4
Summonings     | 4 9 10 | 10.0
Hexes          | 5 |  5.1
Air Magic      | 6 |  6.3
Dodging        | |  2.0
Stealth        | |  2.6

Action                     |  1- 3 |  4- 6 |  7- 9 | 10-12 || total
---------------------------+-------+-------+-------+-------++-------
  Melee: Unarmed           |    15 |       |       |       ||    15
         Constrict         |     5 |    12 |    24 |     9 ||    50
         Tentacles         |     5 |     9 |    20 |    10 ||    44
         Mace              |     6 |    22 |       |       ||    28
         Staff             |       |     8 |       |       ||     8
         Punch             |       |     1 |     3 |     1 ||     5
         Quarterstaff      |       |     6 |    39 |       ||    45
         Dagger            |       |       |    58 |    48 ||   106
   Cast: Magic Dart        |    49 |    13 |   123 |    84 ||   269
         Searing Ray       |     2 |     9 |    40 |    63 ||   114
         Mephitic Cloud    |       |     1 |     6 |    21 ||    28
         Iskenderun's Myst |       |       |     3 |    12 ||    15
         Fulminant Prism   |       |       |     4 |    25 ||    29
         Summon Guardian G |       |       |       |    22 ||    22
  Evoke: Wand              |       |       |       |    17 ||    17
         Phial of floods   |       |       |       |     1 ||     1
    Use: Scroll            |       |     2 |     6 |     7 ||    15
         Potion            |       |       |     1 |     4 ||     5
   Stab: Sleeping          |     2 |     1 |     2 |       ||     5
         Confused          |       |     1 |     1 |     3 ||     5
 Armour: Skin              |     2 |    19 |    31 |    42 ||    94
  Dodge: Dodged            |    13 |    53 |   125 |    80 ||   271

Levels and vault maps discovered:
D:1:      lightli_arrival_lavapool, layout_rooms, grunt_decor_cap,
          nrook_mini_backslash, minmay_cut_off
D:2:      layout_loops_ring, basic_altar, uniq_crazy_yiuf_cottage
D:3:      layout_rooms, kennysheep_vampire_church,
          nicolae_overflow_crystal_walls, serial_shops, shop_statue,
          nicolae_shop_tiny_real_fake_doors, nicolae_shop_overgrown_old_shop,
          shop, kennysheep_nondescript, patterned_corridor, uniq_terence
D:4:      layout_gridville, general_overflow_altar, minmay_temple_entry_trees,
          hangedman_decor_lopped, minmay_manual_mail
D:5:      due_chaos_kobolds, layout_rooms
D:6:      layout_basic, vehumet_crystals, serial_bayou_pond_d, st_stairs_12,
          grunt_decor_junction
D:7:      layout_loops_cross, evilmike_ruin_ashenzari, kennysheep_little_box,
          gammafunk_ghost_necromancy, enter_bailey_8, minivault_5,
          kennysheep_cross_room, kennysheep_potato
D:8:      minmay_chambers_of_sevens, layout_loops_ring,
          mainiacjoe_overflow_tiny_flanked, jmf_multi_god_temple,
          marbit_many_paths, david_lair_generic, nrook_mini_vaults,
          minmay_misc_feat_rows
D:9:      layout_loops_ring, lightli_temple_of_fire, uniq_erolcha
D:10:     layout_basic, mainiacjoe_overflow_chevrons, kennysheep_small_square
D:11:     layout_long_grid, kennysheep_small_circle
D:12:     layout_long_grid, david_orc_4, serial_shops, nicolae_shop_waterfront,
          nicolae_ru_great_annihilating_truth, uniq_urug
Temple:   nicolae_temple_ecumenical_triangle

Notes
Turn   | Place    | Note
-------+----------+-------------------------------------------
     0 | D:1      | OutcastIllithid the Octopode Conjurer began the quest for
                  | the Orb.
     0 | D:1      | Reached XP level 1. HP: 11/11 MP: 3/3
     0 | D:1      | magus.rc [v1.11.6]
   159 | D:1      | You add the spells Call Imp and Mephitic Cloud to your
                  | library.
   219 | D:1      | Reached XP level 2. HP: 17/17 MP: 1/5
   583 | D:1      | Reached XP level 3. HP: 21/21 MP: 4/6
   617 | D:1      | Learned a level 2 spell: Searing Ray
   675 | D:1      | Reached skill level 5 in Conjurations
  1098 | D:2      | Learned a level 3 spell: Mephitic Cloud
  1243 | D:2      | Found an opulent altar of Gozag.
  1475 | D:2      | Reached XP level 4. HP: 27/27 MP: 2/7
  1652 | D:2      | Found a runed translucent door.
  1653 | D:2      | Noticed Crazy Yiuf
  1899 | D:3      | Found an ancient bone altar of Kikubaaqudgha.
  1904 | D:3      | Reached skill level 6 in Conjurations
  1910 | D:3      | Reached XP level 5. HP: 30/31 MP: 8/8
  1951 | D:3      | Found Jedaka's Assorted Antiques.
  2070 | D:3      | Noticed Terence
  2077 | D:3      | Killed Terence
  2314 | D:3      | Found an opulent altar of Gozag.
  2342 | D:3      | Reached skill level 7 in Conjurations
  2343 | D:3      | Reached XP level 6. HP: 36/36 MP: 2/9
  2403 | D:3      | Found Tysucal's Distillery.
  2409 | D:3      | Bought a potion of heal wounds for 65 gold pieces
  2409 | D:3      | Bought a potion of curing for 39 gold pieces
  2433 | D:3      | Found Ruack's Jewellery Boutique.
  2566 | D:3      | Found Owo Tuve's Magic Scroll Shoppe.
  2775 | D:2      | Killed Crazy Yiuf
  2870 | D:3      | Reached skill level 3 in Spellcasting
  3012 | D:4      | Learned a level 4 spell: Iskenderun's Mystic Blast
  3040 | D:4      | Reached skill level 4 in Spellcasting
  3040 | D:4      | Reached XP level 7. HP: 41/41 MP: 7/13
  3213 | D:4      | Reached skill level 5 in Spellcasting
  3225 | D:4      | Learned a level 4 spell: Fulminant Prism
  3697 | D:4      | Found a staircase to the Ecumenical Temple.
  3699 | D:4      | You fall into a shaft and drop 3 floors!
  3699 | D:7      | Found a runed translucent gate.
  3706 | D:7      | Found a runed translucent gate.
  3711 | D:7      | Found a runed translucent gate.
  3715 | D:7      | Noticed a spectral unseen horror
  3715 | D:7      | Noticed a spectral unseen horror
  3715 | D:7      | Noticed Anon1729's ghost (amateur MiMo)
  3795 | D:7      | Reached skill level 8 in Conjurations
  3805 | D:7      | Found a broken altar of Ashenzari.
  3857 | D:7      | Reached XP level 8. HP: 46/46 MP: 7/15
  3875 | D:7      | You add the spells Sting, Poisonous Vapours and Olgreb's
                  | Toxic Radiance to your library.
  3923 | D:7      | You add the spells Ensorcelled Hibernation and Anguish to
                  | your library.
  3972 | D:7      | Found a flagged portal.
  4017 | D:7      | Found a basalt altar of Yredelemnul.
  4091 | Bailey   | Entered a bailey
  4096 | Bailey   | Learned a level 3 spell: Dazzling Flash
  4307 | Bailey   | Identified the +5 dagger of True Grit {heavy, rC+ Will++
                  | rCorr}
  4380 | Bailey   | Reached skill level 9 in Conjurations
  4625 | Bailey   | Reached skill level 10 in Conjurations
  5635 | D:7      | Reached skill level 6 in Spellcasting
  5647 | D:7      | Reached XP level 9. HP: 51/51 MP: 7/18
  5995 | D:6      | Reached skill level 7 in Spellcasting
  6408 | D:5      | Entered Level 5 of the Dungeon
  6795 | D:6      | Reached skill level 2 in Evocations
  6895 | D:5      | Reached skill level 3 in Evocations
  7032 | D:5      | Found a large runed translucent door.
  7032 | D:5      | Found a large runed translucent door.
  7035 | D:5      | Found a corrupted altar of Lugonu.
  7098 | D:5      | Found a one-way gate to the infinite horrors of the Abyss.
  7146 | D:5      | Reached skill level 4 in Evocations
  7180 | D:5      | You add the spells Summon Small Mammal, Call Canine
                  | Familiar and Summon Guardian Golem to your library.
  7185 | D:5      | Learned a level 3 spell: Summon Guardian Golem
  7292 | D:5      | Reached skill level 1 in Summonings
  7391 | D:5      | Reached skill level 2 in Summonings
  7644 | D:4      | You add the spells Malign Gateway and Summon Horrible
                  | Things to your library.
  7649 | Temple   | Entered the Ecumenical Temple
  7667 | D:4      | Found a hazy altar of Hepliaklqana.
  7952 | D:4      | Reached skill level 3 in Summonings
  8225 | D:5      | Became a worshipper of Lugonu the Unformed
  8319 | D:6      | Found a radiant altar of Vehumet.
  8719 | D:8      | Found a burning altar of Makhleb.
  8776 | D:8      | Reached skill level 4 in Summonings
  8825 | D:8      | Reached XP level 10. HP: 52/56 MP: 11/21
  8952 | D:8      | Found a staircase to the Lair.
  8952 | D:8      | Noticed an elephant
  8966 | D:8      | Reached skill level 5 in Summonings
  9052 | D:8      | Killed an elephant
  9053 | D:8      | Reached skill level 2 in Hexes
  9209 | D:8      | Reached skill level 3 in Hexes
  9261 | D:8      | Noticed a two-headed ogre
  9318 | D:8      | Reached skill level 4 in Hexes
  9372 | D:8      | Noticed a boulder beetle
  9570 | D:8      | Reached skill level 5 in Hexes
  9748 | D:8      | Noticed a gargoyle
  9772 | D:8      | Killed a gargoyle
  9773 | D:8      | Reached skill level 6 in Summonings
  9781 | D:8      | Killed a two-headed ogre
  9782 | D:8      | Reached skill level 7 in Summonings
  9791 | D:8      | Reached * piety under Lugonu
  9993 | D:8      | Found an iron altar of Okawaru.
 10034 | D:8      | Reached skill level 8 in Summonings
 10175 | D:8      | Found a shimmering altar of Xom.
 10177 | D:8      | Found a white marble altar of Elyvilon.
 10544 | D:8      | Killed a boulder beetle
 10545 | D:8      | Reached skill level 9 in Summonings
 10545 | D:8      | Reached XP level 11. HP: 37/61 MP: 1/22
 10689 | D:8      | Noticed a two-headed ogre
 10716 | D:8      | Killed a two-headed ogre
 10764 | D:8      | Noticed a tengu warrior
 10818 | D:8      | Killed a tengu warrior
 10819 | D:8      | Reached skill level 10 in Summonings
 11041 | D:8      | You add the spell Volatile Blastmotes to your library.
 11045 | D:8      | You add the spells Shock, Swiftness and Airstrike to your
                  | library.
 11085 | D:9      | Noticed Erolcha
 11099 | D:9      | Killed Erolcha
 11238 | D:9      | You add the spells Sublimation of Blood, Wereblood and
                  | Summon Hydra to your library.
 11533 | D:9      | Reached skill level 11 in Conjurations
 11659 | D:9      | Found a bloodstained altar of Trog.
 12413 | D:7      | HP: 10/55 [spectral unseen horror (6)]
 12550 | D:7      | Killed Anon1729's ghost
 12758 | D:10     | Entered Level 10 of the Dungeon
 13084 | D:10     | Noticed a two-headed ogre
 13098 | D:10     | Killed a two-headed ogre
 13098 | D:10     | Reached ** piety under Lugonu
 13099 | D:10     | Reached skill level 12 in Conjurations
 13181 | D:10     | Found a shadowy altar of Dithmenos.
 13349 | D:3      | Bought a ring of magical power for 260 gold pieces
 13619 | D:10     | Reached skill level 13 in Conjurations
 13782 | D:10     | Reached XP level 12. HP: 66/66 MP: 23/23
 13851 | D:10     | You add the spells Vhi's Electric Charge, Arcjolt and
                  | Plasma Beam to your library.
 13858 | D:10     | Learned a level 5 spell: Arcjolt
 14097 | D:10     | Reached skill level 1 in Air Magic
 14267 | D:10     | Reached skill level 2 in Air Magic
 14538 | D:11     | Reached skill level 3 in Air Magic
 14620 | D:11     | Noticed a boulder beetle
 14689 | D:11     | Killed a boulder beetle
 14690 | D:11     | Reached skill level 4 in Air Magic
 15108 | D:11     | Reached skill level 5 in Air Magic
 15556 | D:11     | Reached skill level 6 in Air Magic
 15710 | D:11     | You add the spell Irradiate to your library.
 16148 | D:12     | Noticed Urug
 16150 | D:12     | Demolished by Urug

Vanquished Creatures
  Erolcha (D:9)
  2 boulder beetles
  A two-headed ogre (D:10)
  A tengu warrior (D:8)
  An elephant (D:8)
  A gargoyle (D:11)
  2 spectral unseen horrors (D:7)
  2 komodo dragons
  2 unseen horrors (D:11)
  The ghost of Anon1729 the Trooper, an amateur MiMo (D:7)
  2 trolls
  A hornet (D:8)
  10 yaks
  A wraith (D:11)
  2 wyverns
  2 basilisks (D:8)
  A vampire (D:11)
  A steam dragon (D:8)
  2 vampire mosquitoes (D:10)
  An acid dragon (D:11)
  2 water moccasins
  2 black bears
  2 ice beasts
  2 sky beasts (D:8)
  10 orc warriors
  An ogre (D:4)
  7 centaurs
  2 phantoms (D:3)
  4 kobold brigands
  5 bullfrogs
  2 scorpions (D:5)
  5 wights
  10 killer bees
  2 vampire bats (D:3)
  A spectral centaur (D:7)
  2 electric eels (D:7)
  5 howler monkeys
  3 jellies
  5 orc priests
  A gnoll bouda (D:5)
  8 hounds
  Crazy Yiuf (D:2)
  5 iguanas
  2 sleepcaps (D:6)
  Terence (D:3)
  10 orc wizards
  A centaur simulacrum (D:7)
  7 adders
  10 gnolls
  A shadow imp (D:3)
  2 white imps (D:6)
  An ufetubus (D:6)
  3 worms
  5 dart slugs
  39 orcs
  6 ball pythons
  3 bat skeletons (D:3)
  3 bat zombies (D:3)
  8 endoplasms
  7 giant cockroaches
  14 goblins
  7 hobgoblins
  3 jackals (D:1)
  A quokka (D:2)
  3 bats
  3 frilled lizards (D:1)
  17 kobolds
  4 rats
285 creatures vanquished.

Vanquished Creatures (others)
  2 two-headed ogres (D:8)
  A gargoyle (D:8)
  A troll (D:10)
  A shadow (D:9)
  3 yaks (D:11)
  A howler monkey (D:7)
  29 fulminant prisms
38 creatures vanquished.

Grand Total: 323 creatures vanquished

Table legend:
 A = Non-vault XP
 B = Vault XP
 C = Vault XP percentage of total XP
 D = Non-vault monster count
 E = Vault monster count
 F = Vault count percentage of total count
                 A         B        C        D         E       F
            +---------+---------+-------+---------+---------+-------
      Total |   13778 |   10046 |  42.2 |     215 |      79 |  26.9
            +---------+---------+-------+---------+---------+-------
        D:1 |      39 |       4 |   9.3 |      25 |       2 |   7.4
        D:2 |      41 |      40 |  49.4 |      15 |       1 |   6.2
        D:3 |     301 |     160 |  34.7 |      17 |       9 |  34.6
        D:4 |     500 |     187 |  27.2 |      26 |       7 |  21.2
        D:5 |     712 |     202 |  22.1 |      19 |       5 |  20.8
        D:6 |     757 |      11 |   1.4 |      20 |       1 |   4.8
        D:7 |     676 |    1275 |  65.4 |      16 |       6 |  27.3
        D:8 |    1520 |    5969 |  79.7 |      21 |      21 |  50.0
        D:9 |    1193 |     871 |  42.2 |      16 |       1 |   5.9
       D:10 |    3866 |     401 |   9.4 |      22 |       2 |   8.3
       D:11 |    4173 |     205 |   4.7 |      18 |       1 |   5.3
     Bailey |       0 |     721 | 100.0 |       0 |      23 | 100.0
            +---------+---------+-------+---------+---------+-------

Skill      XL: |  1  2  3  4  5  6  7  8  9 10 11 12 |
---------------+-------------------------------------+-----
Conjurations   | 5 6 7 8 10 13 | 13.5
Spellcasting   | 4 5 6 7 |  7.5
Evocations     | 4 |  4.4
Summonings     | 4 9 10 | 10.0
Hexes          | 5 |  5.1
Air Magic      | 6 |  6.3
Dodging        | |  2.0
Stealth        | |  2.6

Action                     |  1- 3 |  4- 6 |  7- 9 | 10-12 || total
---------------------------+-------+-------+-------+-------++-------
  Melee: Unarmed           |    15 |       |       |       ||    15
         Constrict         |     5 |    12 |    24 |     9 ||    50
         Tentacles         |     5 |     9 |    20 |    10 ||    44
         Mace              |     6 |    22 |       |       ||    28
         Staff             |       |     8 |       |       ||     8
         Punch             |       |     1 |     3 |     1 ||     5
         Quarterstaff      |       |     6 |    39 |       ||    45
         Dagger            |       |       |    58 |    48 ||   106
   Cast: Magic Dart        |    49 |    13 |   123 |    84 ||   269
         Searing Ray       |     2 |     9 |    40 |    63 ||   114
         Mephitic Cloud    |       |     1 |     6 |    21 ||    28
         Iskenderun's Myst |       |       |     3 |    12 ||    15
         Fulminant Prism   |       |       |     4 |    25 ||    29
         Summon Guardian G |       |       |       |    22 ||    22
  Evoke: Wand              |       |       |       |    17 ||    17
         Phial of floods   |       |       |       |     1 ||     1
    Use: Scroll            |       |     2 |     6 |     7 ||    15
         Potion            |       |       |     1 |     4 ||     5
   Stab: Sleeping          |     2 |     1 |     2 |       ||     5
         Confused          |       |     1 |     1 |     3 ||     5
 Armour: Skin              |     2 |    19 |    31 |    42 ||    94
  Dodge: Dodged            |    13 |    53 |   125 |    80 ||   271

Illustrated notes

Table legend:
 A = Kills in this place as a percentage of kills in the entire game.
 B = Kills by you in this place as a percentage of kills by you in the entire game.
 C = Kills by friends in this place as a percentage of kills by friends in the entire game.
 D = Other kills in this place as a percentage of other kills in the entire game.
 E = Experience gained in this place as a percentage of experience gained in the entire game.
 F = Experience gained in this place divided by the number of levels of this place that you have seen.
                   A       B       C       D       E      F
               +-------+-------+-------+-------+-------+----------------------
         Total | 100.0 | 100.0 |   N/A | 100.0 | 100.0 | 1701.7
       Dungeon |  92.2 |  92.5 |   N/A |  84.6 |  97.0 | 1925.2
        Bailey |   7.8 |   7.5 |   N/A |  15.4 |   3.0 | 721.0
               +-------+-------+-------+-------+-------+----------------------

Table legend: (Time is in decaauts)
 A = Elapsed time spent in this place.
 B = Non-inter-level travel time spent in this place.
 C = Inter-level travel time spent in this place.
 D = Time resting spent in this place.
 E = Time spent auto-exploring this place.
 F = Levels seen in this place.
 G = Mean time per level.
                   A        B        C        D        E       F      G
               +--------+--------+--------+--------+--------+-----+--------+
         Total |  16247 |  15323 |    924 |   1206 |  10910 |  14 | 1160.5 |
       Dungeon |  15517 |  14593 |    924 |   1116 |  10548 |  12 | 1293.1 |
        Temple |      9 |      9 |      0 |      0 |      0 |   1 |    9.0 |
        Bailey |    719 |    719 |      0 |     90 |    362 |   1 |  719.0 |
               +--------+--------+--------+--------+--------+-----+--------+

Top non-repeatable levels by time:
     D:8: 2447 daAuts
     D:7: 1976 daAuts
    D:11: 1717 daAuts
     D:4: 1425 daAuts
    D:10: 1423 daAuts
     D:9: 1350 daAuts
     D:6: 1323 daAuts
     D:3: 1066 daAuts
     D:2: 1018 daAuts
     D:5: 907 daAuts
     D:1: 850 daAuts
  Bailey: 719 daAuts
    D:12: 10 daAuts
  Temple: 9 daAuts
